[Event "Titled Tuesday Blitz January 18 2022"]
[White "Timofeev, Artyom"]
[Black "Ivanisevic, Ivan"]
[WhiteFideId "4140419"]
[BlackFideId "912417"]
[WhiteElo "2583"]
[BlackElo "2495"]
[Result "1-0"]
[Round "05"]
[TimeControl "180+1"]
[Date "2022.01.18"]
[WhiteClock "0:00:36"]
[BlackClock "0:00:18"]

1. d4 Nf6 2. Nf3 g6 3. Nbd2 d6 4. e4 Bg7 5. Bd3 O-O 6. O-O c5 7. dxc5 dxc5 8. Re1 Nc6 9. h3 Nh5 10. Bf1 b6 11. c3 Qc7 12. Nc4 Rd8 13. Qc2 Be6 14. Ng5 Bc8 15. Ne3 e6 16. a4 Bb7 17. Nc4 h6 18. Nf3 g5 19. g3 Ne7 20. Bg2 Ng6 21. a5 Bc6 22. Be3 Rab8 23. axb6 axb6 24. Red1 Nf6 25. Ncd2 g4 26. Ne1 Ra8 27. Rxa8 Rxa8 28. h4 Rd8 29. b4 cxb4 30. cxb4 Qb7 31. Rc1 Ne5 32. Bf4 Nfd7 33. h5 Ra8 34. Nd3 Nxd3 35. Qxd3 Ne5 36. Qd6 Ra2 37. Bxe5 Bxe5 38. Qxe5 Rxd2 39. b5 Be8 40. Qf4 Qe7 41. Qxd2 1-0


[Site "https://www.chess.com"]

[Event "Titled Tuesday Blitz January 18 2022"]
[White "Tregubov, Pavel V."]
[Black "Martin Carmona, Gaston Manuel"]
[WhiteFideId "4115341"]
[BlackFideId "22284567"]
[WhiteElo "2341"]
[BlackElo "2161"]
[Result "1-0"]
[Round "05"]
[TimeControl "180+1"]
[Date "2022.01.18"]
[WhiteClock "0:00:29"]
[BlackClock "0:00:07"]

1. e4 e6 2. d4 d5 3. exd5 exd5 4. Nf3 Nf6 5. Bd3 c5 6. O-O c4 7. Re1+ Be7 8. Bf1 O-O 9. b3 cxb3 10. axb3 Nc6 11. Bf4 Bg4 12. c3 Ne4 13. Bd3 Bd6 14. Bxd6 Nxd6 15. Nbd2 Qf6 16. Qc2 h6 17. Ne5 Bf5 18. Bxf5 Nxf5 19. Nd7 Qg6 20. Nxf8 Rxf8 21. Nf3 Qf6 22. Ne5 Nxe5 23. Rxe5 g6 24. Rxd5 Re8 25. Qd2 a6 26. Re1 Rc8 27. Rde5 Kg7 28. h3 Rd8 29. d5 h5 30. c4 b6 31. Qf4 a5 32. Re8 Rd7 33. Qe5 Qxe5 34. R1xe5 Nd6 35. Rb8 Kf6 36. Re2 Nb7 37. Ree8 Kf5 38. Rec8 g5 39. Rc6 a4 40. bxa4 Na5 41. Rcc8 Nb3 42. Rxb6 Nd4 43. Re8 Ra7 44. Rb4 Ra6 45. c5 g4 46. Rxd4 1-0


[Site "https://www.chess.com"]

[Event "Titled Tuesday Blitz January 18 2022"]
[White "Tristan, Leonardo"]
[Black "Kadam, Om Manish"]
[WhiteFideId "113816"]
[BlackFideId "45076294"]
[WhiteElo "2404"]
[BlackElo "1729"]
[Result "0-1"]
[Round "05"]
[TimeControl "180+1"]
[Date "2022.01.18"]
[WhiteClock "0:00:02"]
[BlackClock "0:01:06"]

1. d4 Nf6 2. Nf3 d5 3. Bf4 c5 4. e3 Nc6 5. Nbd2 Bf5 6. dxc5 e6 7. b4 Nxb4 8. Bb5+ Nc6 9. Nb3 Bxc5 10. O-O Bb6 11. Nfd4 Rc8 12. Nxc6 bxc6 13. Ba6 O-O 14. Bxc8 Qxc8 15. Bd6 Rd8 16. Be7 Re8 17. Bxf6 gxf6 18. a4 e5 19. a5 Bc7 20. Ra4 e4 21. c4 Bg4 22. Qc2 Bf3 23. h3 Kh8 24. Nd4 Bxg2 25. f4 Qxh3 26. Qxg2 Rg8 27. Qxg8+ Kxg8 28. Kf2 Qh2+ 29. Ke1 Qb2 30. Rf2 Qc1+ 31. Ke2 c5 0-1


[Site "https://www.chess.com"]

[Event "Titled Tuesday Blitz January 18 2022"]
[White "Tsydypov, Zhamsaran"]
[Black "Klimkowski, Jan"]
[WhiteFideId "4108566"]
[BlackFideId "21856222"]
[WhiteElo "2614"]
[BlackElo "2172"]
[Result "1-0"]
[Round "05"]
[TimeControl "180+1"]
[Date "2022.01.18"]
[WhiteClock "0:01:37"]
[BlackClock "0:00:10"]

1. c4 Nf6 2. Nc3 e5 3. Nf3 Nc6 4. e3 Bb4 5. Qc2 O-O 6. Nd5 Re8 7. Bd3 h6 8. O-O Bf8 9. a3 d6 10. Nxf6+ Qxf6 11. Be4 a5 12. b3 Be6 13. Bb2 Rad8 14. d4 exd4 15. Nxd4 Nxd4 16. Bxd4 Qg5 17. Bxb7 c5 18. Bc3 a4 19. Bc6 axb3 20. Qxb3 Rb8 21. Qa4 Rec8 22. f4 Qg6 23. e4 Bxc4 24. Qxc4 Rxc6 25. a4 Qe6 26. Qd3 Rb3 27. a5 c4 28. Qd4 Qc8 29. Rf3 d5 30. Qxd5 Rd6 31. Qf5 Qa8 32. Kh1 g6 33. Qh3 Qxe4 34. Raf1 Rd3 35. Rxd3 cxd3 36. Be5 Qe2 37. Rg1 Ra3 38. Qc8 Qc2 39. Qd8 Qc5 40. Qf6 Qxg1+ 41. Kxg1 Bc5+ 42. Bd4 Ra1+ 43. Kf2 Bxd4+ 44. Qxd4 1-0


[Site "https://www.chess.com"]

[Event "Titled Tuesday Blitz January 18 2022"]
[White "Vlassov, Nikolai"]
[Black "Holt, Conrad"]
[WhiteFideId "4103360"]
[BlackFideId "2034387"]
[WhiteElo "2407"]
[BlackElo "2586"]
[Result "0-1"]
[Round "05"]
[TimeControl "180+1"]
[Date "2022.01.18"]
[WhiteClock "0:00:01"]
[BlackClock "0:00:53"]

1. e4 e6 2. d4 d5 3. exd5 exd5 4. Nf3 Bd6 5. c4 Nf6 6. c5 Be7 7. Bd3 b6 8. cxb6 axb6 9. O-O O-O 10. Re1 Nc6 11. Nc3 Nb4 12. Bb1 Bg4 13. a3 c5 14. Bf4 Nc6 15. Nb5 Ra5 16. a4 Rxb5 17. axb5 Nxd4 18. Ra7 Bd6 19. Bg3 Bxf3 20. gxf3 Nxb5 21. Ra1 Nd4 22. Ra4 Qd7 23. Rxd4 cxd4 24. Qxd4 Bc5 25. Qh4 Qb5 26. Be5 Re8 27. Kg2 h6 28. Qf4 Qb4 29. Qxb4 Bxb4 30. Re2 Nd7 31. f4 f6 32. Bf5 Nf8 33. Bd6 Rxe2 34. Bxb4 Rxb2 35. Bc3 Rb3 36. Bd4 Rb4 37. Be3 Kf7 0-1


[Site "https://www.chess.com"]

[Event "Titled Tuesday Blitz January 18 2022"]
[White "Vovk, Orest"]
[Black "Van der Werf, Mark"]
[WhiteFideId "14113490"]
[BlackFideId "1000470"]
[WhiteElo "2203"]
[BlackElo "2398"]
[Result "1-0"]
[Round "05"]
[TimeControl "180+1"]
[Date "2022.01.18"]
[WhiteClock "0:01:13"]
[BlackClock "0:00:39"]

1. h4 e5 2. h5 h6 3. Nc3 Nf6 4. d4 exd4 5. Qxd4 Nc6 6. Qa4 Bc5 7. g4 d6 8. g5 hxg5 9. Bxg5 Bd7 10. Qh4 Nd4 11. O-O-O Nf5 12. Qf4 Rxh5 13. Bxf6 Qxf6 14. Rxh5 O-O-O 15. Bh3 g6 16. Bxf5 Bxf5 17. Rxf5 1-0


[Site "https://www.chess.com"]

[Event "Titled Tuesday Blitz January 18 2022"]
[White "Weetik, Vjacheslav"]
[Black "Demchenko, Anton"]
[WhiteFideId "4153472"]
[BlackFideId "4160258"]
[WhiteElo "2469"]
[BlackElo "2539"]
[Result "1-0"]
[Round "05"]
[TimeControl "180+1"]
[Date "2022.01.18"]
[WhiteClock "0:00:45"]
[BlackClock "0:00:01"]

1. d4 Nf6 2. c4 g6 3. Nc3 Bg7 4. e4 d6 5. Nf3 Bg4 6. Be2 Bxf3 7. Bxf3 e5 8. d5 h5 9. b3 a5 10. O-O Nbd7 11. Rb1 Kf8 12. a3 Bh6 13. Bb2 Kg7 14. b4 b6 15. Nb5 Kh7 16. g3 h4 17. Kg2 Kg7 18. Qc2 Qc8 19. Bc3 Bg5 20. Rh1 Rh7 21. h3 Qd8 22. Qe2 Kg8 23. Rb2 Bh6 24. Rc2 Bf8 25. Bd2 Qc8 26. Bg5 hxg3 27. fxg3 axb4 28. axb4 Qb7 29. Rf1 Be7 30. Qd3 Re8 31. Rcf2 Rg7 32. h4 Rh7 33. Bd1 c6 34. dxc6 Qxc6 35. Nc3 Kf8 36. Ba4 Qc7 37. Bb5 Rd8 38. Nd5 Nxd5 39. Qxd5 f6 40. c5 bxc5 41. Bc4 1-0


[Site "https://www.chess.com"]

[Event "Titled Tuesday Blitz January 18 2022"]
[White "Zhigalko, Sergei"]
[Black "Tabatabaei, M. Amin"]
[WhiteFideId "13502956"]
[BlackFideId "12521213"]
[WhiteElo "2662"]
[BlackElo "2585"]
[Result "1/2-1/2"]
[Round "05"]
[TimeControl "180+1"]
[Date "2022.01.18"]
[WhiteClock "0:00:05"]
[BlackClock "0:00:41"]

1. e4 e5 2. Nf3 Nc6 3. Bc4 Bc5 4. b4 Bxb4 5. c3 Bd6 6. d4 Nf6 7. O-O O-O 8. Re1 a6 9. Bg5 h6 10. Bh4 Re8 11. Nbd2 b5 12. Bd5 Be7 13. Bxc6 dxc6 14. Nxe5 Bb7 15. Qb3 Rf8 16. Ng6 Re8 17. Nxe7+ Qxe7 18. e5 g5 19. exf6 Qxe1+ 20. Rxe1 Rxe1+ 21. Nf1 gxh4 22. Qc2 Rae8 23. Qd2 Kh7 24. Qd3+ Kh8 25. Qd2 Kh7 26. Qd3+ Kg8 27. Qd2 Kh7 1/2-1/2


[Site "https://www.chess.com"]

[Event "Titled Tuesday Blitz January 18 2022"]
[White "Albornoz Cabrera, Carlos Daniel"]
[Black "Nakamura, Hikaru"]
[WhiteFideId "3518736"]
[BlackFideId "2016192"]
[WhiteElo "2866"]
[BlackElo "3220"]
[Result "0-1"]
[Round "06"]
[TimeControl "180+1"]
[Date "2022.01.18"]
[WhiteClock "0:00:24"]
[BlackClock "0:01:22"]

1. Nf3 d5 2. d4 c5 3. c4 cxd4 4. cxd5 Nf6 5. Qxd4 Qxd5 6. Nc3 Qxd4 7. Nxd4 a6 8. g3 e5 9. Nb3 Bd7 10. Bg2 Bc6 11. O-O Bb4 12. Bd2 Bxg2 13. Kxg2 Nc6 14. a3 Bxc3 15. Bxc3 Nd5 16. Rac1 f6 17. Rfd1 O-O-O 18. Ba5 Rd7 19. Nc5 Ne3+ 20. fxe3 Rxd1 21. Rxd1 Nxa5 22. b4 Nc4 23. Rd7 b6 24. Rxg7 bxc5 25. bxc5 Kb8 26. Kf3 Nxa3 27. Ke4 Nb5 28. Kd5 Rc8 29. Rxh7 Nc3+ 30. Ke6 Rc6+ 31. Kf5 a5 32. Rd7 a4 33. Rd3 Rxc5 34. Rd6 Kb7 0-1


[Site "https://www.chess.com"]

[Event "Titled Tuesday Blitz January 18 2022"]
[White "Aydin, Gulenay"]
[Black "Sorensen, Hampus"]
[WhiteFideId "34557431"]
[BlackFideId "8703884"]
[WhiteElo "1429"]
[BlackElo "2262"]
[Result "1-0"]
[Round "06"]
[TimeControl "180+1"]
[Date "2022.01.18"]
[WhiteClock "0:00:22"]
[BlackClock "0:00:01"]

1. e4 e6 2. d4 d5 3. Nd2 c5 4. Ngf3 Nc6 5. exd5 Qxd5 6. Bc4 Qh5 7. dxc5 Bxc5 8. Ne4 Be7 9. Nd6+ Bxd6 10. Qxd6 Qg4 11. Bb5 Ne7 12. O-O O-O 13. Bg5 Nf5 14. Qd2 h6 15. Bf4 Rd8 16. h3 Qg6 17. Qc3 Nfd4 18. Nxd4 Nxd4 19. Rad1 Qf6 20. Qc7 Rd5 21. Bc4 Rd7 22. Qe5 Qxe5 23. Bxe5 Nc6 24. Bc3 Kf8 25. Bb5 f6 26. Bb4+ Kf7 27. Bc3 a6 28. Bc4 b5 29. Bb3 Raa7 30. f4 g6 31. g4 Rxd1 32. Rxd1 Ke7 33. Re1 a5 34. a3 b4 35. axb4 axb4 36. Bd2 Bd7 37. Be3 f5 38. Bxa7 Nxa7 39. gxf5 gxf5 40. Kf2 Nc6 41. Ke3 Na5 42. Ra1 1-0


[Site "https://www.chess.com"]

[Event "Titled Tuesday Blitz January 18 2022"]
[White "Bacrot, Etienne"]
[Black "Suder, Jakub"]
[WhiteFideId "605506"]
[BlackFideId "1195310"]
[WhiteElo "2673"]
[BlackElo "2058"]
[Result "1-0"]
[Round "06"]
[TimeControl "180+1"]
[Date "2022.01.18"]
[WhiteClock "0:00:17"]
[BlackClock "0:00:01"]

1. d4 d5 2. Bg5 c6 3. e3 Qb6 4. Qc1 h6 5. Bh4 e5 6. Nf3 exd4 7. exd4 Be7 8. Bg3 Nf6 9. Bd3 Bg4 10. Nbd2 Nbd7 11. c3 O-O 12. O-O Bxf3 13. Nxf3 Ne4 14. Re1 Ndf6 15. Be5 Rae8 16. Qc2 Bd6 17. h3 Re6 18. Bxf6 Nxf6 19. Rxe6 fxe6 20. Re1 Re8 21. Bg6 Re7 22. b4 Qc7 23. Re3 e5 24. dxe5 Bxe5 25. Qf5 Ne4 26. Qh5 Nf6 27. Qf5 Ne4 28. c4 Nd6 29. Qg4 Nxc4 30. Re2 Bf6 31. Rxe7 Bxe7 32. Qe6+ Kh8 33. Bd3 Qd8 34. Qf5 Kg8 35. Qe6+ Kh8 36. Nd4 Bf6 37. Qf5 Kg8 38. Qe6+ Kh8 39. Nb3 1-0


[Site "https://www.chess.com"]

[Event "Titled Tuesday Blitz January 18 2022"]
[White "Balabayeva, Xeniya"]
[Black "Mitusov, Semen"]
[WhiteFideId "13719688"]
[BlackFideId "14151049"]
[WhiteElo "1940"]
[BlackElo "2246"]
[Result "0-1"]
[Round "06"]
[TimeControl "180+1"]
[Date "2022.01.18"]
[WhiteClock "0:00:01"]
[BlackClock "0:00:06"]

1. e4 e5 2. Nf3 Nc6 3. Bb5 a6 4. Ba4 Nf6 5. O-O Be7 6. Bxc6 dxc6 7. d3 Bd6 8. Nbd2 O-O 9. Nc4 Nd7 10. Be3 Re8 11. a4 Nf8 12. h3 Ng6 13. Kh2 Be6 14. Na5 b6 15. Nc4 c5 16. Qe2 f5 17. Bg5 Qd7 18. Nh4 Nf8 19. Nxd6 cxd6 20. exf5 Bxf5 21. Nxf5 Qxf5 22. Bd2 Ng6 23. Qe4 Qe6 24. c4 Rf8 25. Rae1 Qd7 26. h4 Rae8 27. g3 Ne7 28. Bc3 Kh8 29. f4 exf4 30. Rxf4 Ng6 31. Rxf8+ Rxf8 32. h5 Ne5 33. Kg2 h6 34. Bxe5 dxe5 35. Re3 Qxa4 36. Qxe5 Qc2+ 37. Kh3 Qd1 38. Re4 Qh1+ 39. Kg4 Qf3+ 40. Kh3 Qf1+ 41. Kg4 Qxd3 42. Rf4 Qd1+ 43. Kh4 Qd8+ 44. Kh3 Qd7+ 45. Kg2 Re8 46. Qd5 Qxd5+ 47. cxd5 Rd8 48. Rf5 b5 49. Kf3 Kg8 50. Ke4 Re8+ 51. Re5 Kf7 52. d6 Rd8 53. Kd5 c4 54. Re7+ Kf6 55. Rc7 Kg5 56. Rxg7+ Kxh5 57. d7 a5 58. Kd6 b4 59. Ke7 c3 0-1


[Site "https://www.chess.com"]

[Event "Titled Tuesday Blitz January 18 2022"]
[White "Barria Zuniga, Daniel"]
[Black "Guseva, Marina"]
[WhiteFideId "3400816"]
[BlackFideId "4149351"]
[WhiteElo "2414"]
[BlackElo "2232"]
[Result "0-1"]
[Round "06"]
[TimeControl "180+1"]
[Date "2022.01.18"]
[WhiteClock "0:00:08"]
[BlackClock "0:00:12"]

1. d4 Nf6 2. c4 e6 3. Nf3 b6 4. g3 Ba6 5. Qc2 c5 6. d5 exd5 7. cxd5 Bb7 8. Bg2 Nxd5 9. O-O Nc6 10. a3 Be7 11. Rd1 Nc7 12. Nc3 O-O 13. e4 Ne6 14. Be3 d6 15. Rd2 Qb8 16. Rad1 Rd8 17. h4 h6 18. Nd5 Bf8 19. b4 Ne5 20. b5 Nxf3+ 21. Bxf3 Bxd5 22. Rxd5 Nc7 23. R5d2 a6 24. a4 axb5 25. axb5 Ra5 26. e5 Nxb5 27. Bd5 Qa7 28. e6 Nc7 29. exf7+ Kh8 30. Qg6 Nxd5 31. Rxd5 Ra1 32. Rxa1 Qxa1+ 33. Kh2 Qf6 34. Qh5 g6 35. Qg4 Qxf7 36. Rd2 Re8 37. h5 gxh5 38. Qh3 d5 39. Rb2 d4 40. Bf4 Qe6 41. Qxh5 Bg7 42. Rxb6 Qxb6 43. Qxe8+ Kh7 44. Be5 Qg6 45. Qe7 Qh5+ 46. Kg2 Qxe5 47. Qd7 Qe4+ 48. f3 Qe2+ 49. Kh3 Qe5 50. g4 Qf6 51. Qc6 Qe5 52. Kg2 Qf6 53. Qe4+ Qg6 54. Qd5 d3 55. Kf2 d2 56. Ke2 Qc2 57. Qxd2 Qxd2+ 58. Kxd2 Kg6 59. f4 Bd4 60. Kd3 Kf6 61. Ke4 Ke6 62. g5 hxg5 63. fxg5 Kd6 64. g6 Kc6 65. Kd3 Kb5 0-1


[Site "https://www.chess.com"]

[Event "Titled Tuesday Blitz January 18 2022"]
[White "Bilan, Danila"]
[Black "Bryakin, Mikhail"]
[WhiteFideId "24161918"]
[BlackFideId "4165314"]
[WhiteElo "2164"]
[BlackElo "2421"]
[Result "1/2-1/2"]
[Round "06"]
[TimeControl "180+1"]
[Date "2022.01.18"]
[WhiteClock "0:02:17"]
[BlackClock "0:02:17"]

1. d4 Nf6 2. Nf3 g6 3. Bg5 Bg7 4. c3 d6 5. Nbd2 O-O 6. e4 h6 7. Bh4 g5 8. Bg3 Nh5 9. Bc4 Nxg3 10. hxg3 e6 11. Qe2 b6 12. e5 Nd7 13. O-O-O Bb7 14. Rh5 Bd5 1/2-1/2


[Site "https://www.chess.com"]

[Event "Titled Tuesday Blitz January 18 2022"]
[White "Bluebaum, Matthias"]
[Black "Kosakowski, Jakub"]
[WhiteFideId "24651516"]
[BlackFideId "1185080"]
[WhiteElo "2904"]
[BlackElo "2763"]
[Result "1-0"]
[Round "06"]
[TimeControl "180+1"]
[Date "2022.01.18"]
[WhiteClock "0:00:24"]
[BlackClock "0:00:04"]

1. d4 Nf6 2. c4 e6 3. Nc3 Bb4 4. e3 O-O 5. Bd2 b6 6. Bd3 Bb7 7. Nf3 d5 8. cxd5 exd5 9. O-O a6 10. Rc1 Nbd7 11. Ne5 c5 12. f4 Rc8 13. Qf3 Bxc3 14. Bxc3 Ne4 15. Bxe4 dxe4 16. Qg3 cxd4 17. Bxd4 Nxe5 18. fxe5 Qd7 19. Bxb6 Bd5 20. b3 Be6 21. Bd4 Qb5 22. Qf2 a5 23. Qb2 h6 24. h3 Rfd8 25. Rxc8 Rxc8 26. Rc1 Rxc1+ 27. Qxc1 Qe2 28. Qb2 Qxb2 29. Bxb2 a4 30. bxa4 Bxa2 31. a5 Bc4 32. Kf2 Kf8 33. Ba3+ Ke8 34. g4 g6 35. Kg3 Bf1 36. h4 Be2 37. Kf4 Kd7 38. Bf8 h5 39. gxh5 gxh5 40. Kxe4 Kc6 41. Kf5 Bc4 42. Kg5 Be2 43. Kf6 Bc4 44. Bd6 Kb7 45. Bc5 Ka6 46. Bb6 Kb7 47. Ke7 Ka6 48. Kd6 Kb7 49. Kc5 Be2 50. Kd4 Bd1 51. Kd5 Bb3+ 52. Ke4 Bc2+ 53. Kf4 Bb3 54. Kg5 Bd1 55. Kf6 Bb3 56. Kg7 Bc4 57. Bd8 Ka6 58. Kf8 Kb7 59. Ke7 Ka6 60. Kd6 Kb7 61. Kc5 Bb3 62. Kb5 Ka8 63. Kb6 Ba2 64. Bc7 Bb3 65. a6 Ba2 66. Bd6 Bb3 67. Bc5 Ba2 68. Kc7 Bc4 69. a7 Ba2 70. Kd6 Bb3 71. Ke7 Ba2 72. e4 Bb3 73. Kf6 Ba2 74. Kg5 Bb1 75. Kxh5 Bxe4 76. Kg5 Kb7 77. h5 1-0


[Site "https://www.chess.com"]

[Event "Titled Tuesday Blitz January 18 2022"]
[White "Bodnar, Nikolay"]
[Black "Osmak, Yuliia"]
[WhiteFideId "14106469"]
[BlackFideId "14101602"]
[WhiteElo "2296"]
[BlackElo "2302"]
[Result "1/2-1/2"]
[Round "06"]
[TimeControl "180+1"]
[Date "2022.01.18"]
[WhiteClock "0:00:23"]
[BlackClock "0:00:06"]

1. e4 e5 2. Nf3 Nc6 3. Bc4 Nf6 4. d3 Be7 5. O-O O-O 6. Re1 d6 7. a4 a6 8. a5 Kh8 9. h3 Ng8 10. Nc3 f5 11. Nd5 fxe4 12. dxe4 Nf6 13. b4 Nxd5 14. exd5 Nb8 15. Bb2 Nd7 16. Ra3 Nf6 17. Ng5 h6 18. Ne6 Bxe6 19. dxe6 d5 20. Bf1 Bxb4 21. Rxe5 Bxa3 22. Bxa3 Re8 23. e7 Qd7 24. Bd3 Qa4 25. Bb2 Qb4 26. Qa1 Rxe7 27. Ba3 Qxa3 28. Qxa3 Rxe5 29. Qb2 Re1+ 30. Kh2 b5 31. axb6 cxb6 32. Qxb6 a5 33. Qb7 Ree8 34. Bb5 Reb8 35. Qc6 Rc8 36. Qb7 Rcb8 37. Qc6 Rc8 38. Qe6 Rxc2 39. Bc6 Rb8 40. Qd6 Rc8 41. Bb7 Re8 42. Bxd5 Nxd5 43. Qxd5 Rxf2 44. Qxa5 Ree2 45. Qd8+ Kh7 46. Qd3+ Kh8 47. Qd8+ Kh7 48. Qd3+ Kh8 49. Qd8+ 1/2-1/2


[Site "https://www.chess.com"]

[Event "Titled Tuesday Blitz January 18 2022"]
[White "Bortnyk, Olexandr"]
[Black "Klukin, Kirill"]
[WhiteFideId "14120828"]
[BlackFideId "24199273"]
[WhiteElo "2723"]
[BlackElo "2324"]
[Result "1-0"]
[Round "06"]
[TimeControl "180+1"]
[Date "2022.01.18"]
[WhiteClock "0:00:31"]
[BlackClock "0:00:10"]

1. e4 c5 2. Nf3 Nc6 3. c3 Nf6 4. e5 Nd5 5. d4 cxd4 6. cxd4 d6 7. Bc4 e6 8. O-O Be7 9. Bd2 O-O 10. Nc3 Nxc3 11. Bxc3 dxe5 12. dxe5 Qxd1 13. Rfxd1 Rd8 14. Rxd8+ Bxd8 15. Rd1 Bc7 16. b4 a6 17. a4 h6 18. b5 Na5 19. Bd3 Nb3 20. Bb4 b6 21. Be4 Rb8 22. Bd6 Bxd6 23. Rxd6 Kf8 24. Rd8+ Ke7 25. bxa6 Kxd8 26. a7 Ra8 27. Bxa8 Kc7 28. Bd5 1-0


[Site "https://www.chess.com"]

[Event "Titled Tuesday Blitz January 18 2022"]
[White "Brodowski, Piotr"]
[Black "Bauer, Thomas"]
[WhiteFideId "1124480"]
[BlackFideId "1639293"]
[WhiteElo "2422"]
[BlackElo "2220"]
[Result "0-1"]
[Round "06"]
[TimeControl "180+1"]
[Date "2022.01.18"]
[WhiteClock "0:00:03"]
[BlackClock "0:00:35"]

1. c4 g6 2. h4 Bg7 3. h5 c5 4. Nc3 Nc6 5. d3 d6 6. g3 Bg4 7. h6 Bxc3+ 8. bxc3 Qa5 9. Bd2 Ne5 10. Qc2 Nf6 11. Bg2 O-O 12. f3 Bd7 13. f4 Neg4 14. Nf3 b5 15. cxb5 Qxb5 16. c4 Qa6 17. O-O Nxh6 18. Bc3 Nhg4 19. Qd2 Rab8 20. Ng5 Bc6 21. e4 Ba8 22. Qe2 Qc6 23. Bf3 Qc8 24. e5 Bxf3 25. Qxf3 Nh5 26. e6 f5 27. Kg2 h6 28. Rh1 hxg5 29. Rxh5 gxh5 30. Re1 Qb7 31. fxg5 Qxf3+ 32. Kxf3 Kh7 33. Kf4 Kg6 34. Rh1 Rbd8 35. Rb1 Rb8 36. Rh1 Rfd8 37. Rd1 d5 38. Be5 Nxe5 39. Kxe5 dxc4 40. Rf1 Rxd3 41. Rxf5 Rd5+ 42. Kxd5 Kxf5 43. Kxc4 0-1


[Site "https://www.chess.com"]

[Event "Titled Tuesday Blitz January 18 2022"]
[White "Brunner, Nicolas"]
[Black "Nenezic, Marko"]
[WhiteFideId "620246"]
[BlackFideId "912123"]
[WhiteElo "2372"]
[BlackElo "2484"]
[Result "1/2-1/2"]
[Round "06"]
[TimeControl "180+1"]
[Date "2022.01.18"]
[WhiteClock "0:00:12"]
[BlackClock "0:00:08"]

1. d4 Nf6 2. c4 g6 3. Nf3 Bg7 4. Nc3 O-O 5. e4 d6 6. Be2 Nbd7 7. O-O e5 8. Qc2 Qe8 9. Rd1 exd4 10. Nxd4 Nc5 11. f3 Qe7 12. Be3 c6 13. Bf2 a5 14. b3 Nh5 15. g3 Bh3 16. Rd2 Bh6 17. Rdd1 Rae8 18. a3 f5 19. exf5 Be3 20. Bf1 Bxf1 21. Rxf1 gxf5 22. Nxf5 Bxf2+ 23. Rxf2 Qf6 24. Nh4 Re3 25. Rc1 Nd3 26. Qd2 Rfe8 27. Ne4 R8xe4 28. fxe4 Qxf2+ 29. Qxf2 Nxf2 30. Kxf2 Rxb3 31. Nf5 Nf6 32. Nxd6 Ng4+ 33. Kg1 Rb2 34. Rc3 Nxh2 35. Nxb7 Ng4 36. Nxa5 c5 37. Nb3 Kg7 38. Nxc5 Kf6 39. a4 Ra2 40. Rf3+ Ke5 41. Rf7 h5 42. Rh7 Kd4 43. Rxh5 Ke3 44. Rf5 Nh2 45. e5 Nf3+ 46. Rxf3+ Kxf3 47. e6 Kxg3 48. Kf1 Kf3 49. Ke1 Re2+ 50. Kd1 Re5 51. Nb3 Ke4 52. Kc2 Ke3 53. Kc3 Rxe6 54. c5 Re8 55. Kc4 Ke4 56. a5 Ke5 57. a6 Ra8 58. Kb5 Kd5 59. Na5 Rxa6 60. Kxa6 Kxc5 1/2-1/2


[Site "https://www.chess.com"]

[Event "Titled Tuesday Blitz January 18 2022"]
[White "Chernobay, Artem"]
[Black "FGHSMN"]
[WhiteFideId "4167406"]
[WhiteElo "2473"]
[BlackElo "2746"]
[Result "0-1"]
[Round "06"]
[TimeControl "180+1"]
[Date "2022.01.18"]
[WhiteClock "0:00:03"]
[BlackClock "0:00:02"]

1. d4 Nf6 2. c4 e6 3. Nf3 c5 4. d5 exd5 5. cxd5 d6 6. Nc3 g6 7. e4 Bg7 8. Bd3 O-O 9. O-O a6 10. a4 Bg4 11. h3 Bxf3 12. Qxf3 Nbd7 13. Qd1 Qc7 14. Be2 Rfe8 15. Qc2 Rab8 16. Bf4 c4 17. Rfe1 b5 18. axb5 axb5 19. Ra6 Ne5 20. b4 cxb3 21. Qxb3 Rec8 22. Nxb5 Nxe4 23. Qe3 Qb7 24. Nxd6 Nxd6 25. Rxd6 Qb4 26. Ba6 Re8 27. Rc6 Nf3+ 28. Qxf3 Qxe1+ 29. Kh2 Rbd8 30. Bc4 Be5 31. g3 Bxf4 32. Qxf4 Qe5 33. Qf3 Rd7 34. d6 Rf8 35. Qd3 Rfd8 36. Qf3 Qe8 37. Rc7 Rxc7 38. dxc7 Rc8 39. Qf4 Qe7 0-1


[Site "https://www.chess.com"]

[Event "Titled Tuesday Blitz January 18 2022"]
[White "Chernomordik, Pavel"]
[Black "Omelja, Artem"]
[WhiteFideId "2804530"]
[BlackFideId "14119846"]
[WhiteElo "2249"]
[BlackElo "2418"]
[Result "1/2-1/2"]
[Round "06"]
[TimeControl "180+1"]
[Date "2022.01.18"]
[WhiteClock "0:00:09"]
[BlackClock "0:00:04"]

1. e4 c5 2. Nc3 Nc6 3. Bb5 g6 4. Bxc6 dxc6 5. f4 Bg7 6. Nf3 Nf6 7. Qe2 O-O 8. d3 b6 9. O-O Nd7 10. a4 a5 11. e5 Nb8 12. Ng5 h6 13. Nge4 Na6 14. g4 Nb4 15. f5 Nd5 16. e6 fxe6 17. fxg6 Qe8 18. Rxf8+ Bxf8 19. Bd2 Qxg6 20. Rf1 e5 21. h3 Bg7 22. Ng3 Be6 23. Nf5 Bxf5 24. Rxf5 e6 25. Rf3 Rf8 26. Rxf8+ Kxf8 27. Ne4 Ke7 28. Qf3 Kd7 29. Kg2 Nf6 30. c4 Nxe4 31. Qxe4 Qxe4+ 32. dxe4 Ke7 33. Kf3 Kf7 34. h4 1/2-1/2


[Site "https://www.chess.com"]

[Event "Titled Tuesday Blitz January 18 2022"]
[White "Corrales Jimenez, Fidel"]
[Black "Hardaway, Brewington"]
[WhiteFideId "3506690"]
[BlackFideId "30941849"]
[WhiteElo "2541"]
[BlackElo "1768"]
[Result "1-0"]
[Round "06"]
[TimeControl "180+1"]
[Date "2022.01.18"]
[WhiteClock "0:01:14"]
[BlackClock "0:00:52"]

1. e4 c5 2. Nf3 g6 3. d4 cxd4 4. Nxd4 Bg7 5. c4 Nc6 6. Be3 d6 7. Nc3 Nf6 8. Be2 O-O 9. O-O Bd7 10. Qd2 Rc8 11. Rae1 a6 12. f4 Ng4 13. Bxg4 Bxg4 14. f5 Ne5 15. b3 gxf5 16. exf5 e6 17. h3 Bxf5 18. Nxf5 exf5 19. Rxf5 b5 20. Nd5 bxc4 21. Bh6 Ng6 22. Bxg7 Kxg7 23. Qd4+ f6 24. bxc4 Ne5 25. Nf4 Qd7 26. Nh5+ Kg6 27. Rexe5 Qxf5 28. Rxf5 Kxf5 29. Qd5+ Kg6 30. Nf4+ Kg7 31. Ne6+ Kf7 32. Nxf8+ Kxf8 1-0


[Site "https://www.chess.com"]

[Event "Titled Tuesday Blitz January 18 2022"]
[White "Csonka, Balazs"]
[Black "Savchenko, Boris"]
[WhiteFideId "742910"]
[BlackFideId "4147332"]
[WhiteElo "2404"]
[BlackElo "2512"]
[Result "0-1"]
[Round "06"]
[TimeControl "180+1"]
[Date "2022.01.18"]
[WhiteClock "0:00:01"]
[BlackClock "0:01:50"]

1. d4 Nf6 2. Nf3 e6 3. c4 b6 4. g3 Bb4+ 5. Bd2 c5 6. Bg2 Bb7 7. O-O O-O 8. Bc3 d5 9. Ne5 Nbd7 10. a3 Nxe5 11. dxe5 Bxc3 12. Nxc3 Ne4 13. Nxe4 dxe4 14. Qxd8 Rfxd8 15. Rfd1 Rd4 16. Rxd4 cxd4 17. Rd1 Rd8 18. f3 e3 19. f4 Ba6 20. b3 b5 21. cxb5 Bxb5 22. Bf1 g5 23. fxg5 Kg7 24. h4 Kg6 25. g4 a5 26. Kh2 a4 27. b4 Bc4 28. Kg3 Bb3 29. Rc1 h6 30. gxh6 f6 31. exf6 e5 32. g5 e4 33. Kf4 d3 34. exd3 exd3 35. Rc7 e2 0-1


[Site "https://www.chess.com"]

[Event "Titled Tuesday Blitz January 18 2022"]
[White "Danielian, Vardan"]
[Black "Seo, Jung Min"]
[WhiteFideId "13301594"]
[BlackFideId "1734687"]
[WhiteElo "2522"]
[BlackElo "2401"]
[Result "0-1"]
[Round "06"]
[TimeControl "180+1"]
[Date "2022.01.18"]
[WhiteClock "0:00:06"]
[BlackClock "0:01:42"]

1. Nf3 Nf6 2. g3 d5 3. Bg2 Bf5 4. O-O c6 5. b3 Nbd7 6. Bb2 e6 7. d3 h6 8. Nbd2 Be7 9. e4 Bh7 10. Qe2 O-O 11. Rfe1 a5 12. a3 Qc7 13. h3 Rfd8 14. Rac1 Bf8 15. c4 dxe4 16. Nxe4 Nxe4 17. dxe4 Nc5 18. Rcd1 Nxb3 19. Ne5 Nc5 20. Ng4 Rxd1 21. Rxd1 Rd8 22. h4 Rxd1+ 23. Qxd1 Qd7 24. Nxh6+ gxh6 25. Qg4+ Bg6 26. h5 Qd2 27. Bf6 Nd7 28. Bh4 Ne5 0-1


[Site "https://www.chess.com"]